 Dungeon Crawl Stone Soup version 0.29-a0-416-g83a48905f1 (webtiles) character file.

Game seed: 16134461139182365339

31 HendSelp the Poker (level 3, -2/29 HPs)
             Began as a Human Monk on May 17, 2022.
             Slain by an orc
             ... wielding a +0 flail
              (5 damage)
             ... on level 2 of the Dungeon.
             The game lasted 00:00:58 (1075 turns).

HendSelp the Poker (Human Monk)                     Turns: 1075, Time: 00:00:58

Health: -2/29      AC:  2    Str: 13    XL:     3   Next: 40%
Magic:  3/3        EV: 13    Int: 10    God:
Gold:   17         SH:  0    Dex: 15    Spells: 2/2 levels left

rFire   + . .      SeeInvis .   a - +0 spear
rCold   . . .      Faith    .   (no shield)
rNeg    . . .      Spirit   .   b - +0 robe
rPois   +          Reflect  .   (no helmet)
rElec   .          Harm     .   (no cloak)
rCorr   .          Rampage  .   (no gloves)
Will    .....                   (no boots)
Stlth   +.........              (no amulet)
HPRegen 0.09/turn               i - ring of poison resistance
MPRegen 0.08/turn               k - ring of protection from fire

@: confused, ambrosia-drunk
A: no striking features
a: no special abilities


You were on level 2 of the Dungeon.
You visited 1 branch of the dungeon, and saw 2 of its levels.

You collected 17 gold pieces.

Inventory:

Hand Weapons
 a - a +0 spear (weapon)
Armour
 b - a +0 robe (worn)
Jewellery
 i - a ring of poison resistance (left hand)
 k - a ring of protection from fire (right hand)
Scrolls
 d - a scroll of enchant armour {unknown}
 g - a scroll of noise {unknown}
 l - a scroll of magic mapping {unknown}
Potions
 e - a potion of heal wounds {unknown}
 f - a potion of haste {unknown}
 h - a potion of curing {unknown}
 j - a potion of lignification {unknown}


   Skills:
 * Level 3.3 Fighting
 * Level 3.4 Polearms
 * Level 0.6 Armour
 * Level 3.3 Dodging
 - Level 2.0 Stealth


You had 2 spell levels left.
You didn't know any spells.
Your spell library contained the following spells:

 Spells                   Type           Power      Damage    Failure   Level
 Shock                    Conj/Air       0%         1d3       36%         1
 Swiftness                Air            0%         N/A       75%         3
 Airstrike                Air            0%         N/A       98%         4


Dungeon Overview and Level Annotations

Branches:
Dungeon (2/15)

Altars:


Message History

No target in view!
Found an escape hatch in the floor.
No target in view!
An orc and an orc priest come into view.
You see here 3 scrolls labelled BUTTOM LEHU. 2 orcs come into view.
Found a hand axe.
There are monsters nearby!
The orc shouts!
There are monsters nearby!
You completely miss the orc priest.
The orc shouts!
Your punch misses the orc priest. The orc priest barely misses you.
The orc misses you.
You hit the orc priest.
The orc priest is moderately wounded.
The orc hits you with a +0 flail. The orc priest barely misses you.
The orc closely misses you. The orc misses you.
You hit the orc priest but do no damage.
The orc priest is lightly wounded.
The orc closely misses you. The orc misses you.
You closely miss the orc priest.
The orc priest is lightly wounded.
The orc hits you with a +0 flail!
The orc hits you from afar with a +0 trident.
You are too injured to fight recklessly!
You are too injured to fight recklessly!
You are too injured to fight recklessly!
You are too injured to fight recklessly!
You are too injured to fight recklessly!
You are too injured to fight recklessly!
You are too injured to fight recklessly!
Unknown command.
You are confused.
You feel invigorated. The orc hits you with a +0 flail.
The orc priest mumbles some strange prayers to Beogh against you.
Beogh smites you!
* * * LOW HITPOINT WARNING * * *
The orc hits you with a +0 flail.
You die...

###### ##)...#
#.....# #...o.#
#..o..#########
#..o@o........#
#.....#######^#
#.#.>..?......####
# ############...#
..........#
..#####...#
#.......# .#.
###.##.##.#
.#.##...##.....#


You could see an orc priest and 3 orcs.

Vanquished Creatures
  A gnoll (D:1)
  An endoplasm (D:2)
  A giant cockroach (D:1)
  4 goblins
  2 hobgoblins (D:1)
  2 quokkas (D:1)
  2 bats (D:1)
  A frilled lizard (D:1)
  3 kobolds (D:1)
  A rat (D:1)
18 creatures vanquished.

Notes
Turn   | Place    | Note
-------+----------+-------------------------------------------
     0 | D:1      | HendSelp the Human Monk began the quest for the Orb.
     0 | D:1      | Reached XP level 1. HP: 18/18 MP: 1/1
   193 | D:1      | Reached XP level 2. HP: 17/24 MP: 2/2
   384 | D:1      | Reached XP level 3. HP: 19/29 MP: 3/3
  1075 | D:2      | Slain by an orc

Illustrated notes

Levels and vault maps discovered:
D:1:      dpeg_arrival_three_bigger_balls, layout_basic
D:2:      layout_basic, glass_columns_a, uniq_sigmund, uniq_natasha

Action                   || total
-------------------------++-------
Melee: Spear             ||    94
  Use: Potion            ||     1
 Stab: Sleeping          ||     3
       Distracted        ||     1
Armor: Robe              ||    19
Dodge: Dodged            ||    69

Table legend: (Time is in decaauts)
 A = Elapsed time spent in this place.
 B = Non-inter-level travel time spent in this place.
 C = Inter-level travel time spent in this place.
 D = Time resting spent in this place.
 E = Time spent auto-exploring this place.
 F = Levels seen in this place.
 G = Mean time per level.
                   A        B        C        D        E       F      G
               +--------+--------+--------+--------+--------+-----+--------+
         Total |   1068 |   1051 |     17 |      0 |    863 |   2 |  534.0 |
       Dungeon |   1068 |   1051 |     17 |      0 |    863 |   2 |  534.0 |
               +--------+--------+--------+--------+--------+-----+--------+

Top non-repeatable levels by time:
     D:1: 909 daAuts
     D:2: 159 daAuts
